 Dungeon Crawl Stone Soup version 0.31-a0-219-g8d62b2e7bb (webtiles) character file.

Game seed: 5344752477900718895

62 Anon1729 the Trooper (level 3, -1/33 HPs)
             Began as a Minotaur Monk on July 3, 2023.
             Slain by a gnoll
             ... wielding a +0 flail
              (9 damage)
             ... on level 2 of the Dungeon.
             The game lasted 00:00:27 (780 turns).

Anon1729 the Trooper (Minotaur Monk)                 Turns: 780, Time: 00:00:28

Health: -1/33      AC:  3    Str: 15    XL:     3   Next: 85%
Magic:  3/3        EV: 13    Int:  7    God:
Gold:   50         SH:  0    Dex: 14    Spells: 2/2 levels left

rFire   . . .        g - +0 short sword (flame)
rCold   . . .        d - orb {light}
rNeg    . . .        j - +0 leather armour
rPois   .            (helmet restricted)
rElec   .            (no cloak)
rCorr   .            (no gloves)
SInv    .            (no boots)
Will    .....        (no amulet)
Stlth   +            (no ring)
HPRegen 0.25/turn    (no ring)
MPRegen 0.08/turn

%: no passive effects
@: glowing
A: horns 2, retaliatory headbutt
a: no special abilities


You were on level 2 of the Dungeon.
You visited 1 branch of the dungeon, and saw 2 of its levels.

You collected 50 gold pieces.

Inventory:

Hand Weapons
 a - a +0 short sword
 g - a +0 short sword of flaming (weapon)
Armour
 b - a +0 robe
 d - an orb of light (worn)
 j - a +0 leather armour (worn)
Jewellery
 f - a ring of flight
 i - an amulet of reflection
Scrolls
 e - a scroll of identify {unknown}
Potions
 c - a potion of ambrosia
 h - a potion of brilliance {unknown}
 k - a potion of cancellation {unknown}
 l - a potion of mutation {unknown}


   Skills:
 + Level 4.1 Fighting
 + Level 3.7 Short Blades
 + Level 1.7 Armour
 + Level 3.7 Dodging
 + Level 1.3 Invocations


You had 2 spell levels left.
You didn't know any spells.
Your spell library contained the following spells:

 Spells                   Type           Power      Damage    Failure   Level
 Conjure Ball Lightning   Conj/Air       0%         3x3d6     100%        6
 Discord                  Hex            0%         N/A       100%        8
 Disjunction              Tloc           0%         N/A       100%        8


Dungeon Overview and Level Annotations

Branches:
Dungeon (2/15)

Altars:


Innate Abilities, Weirdness & Mutations

You have a pair of horns on your head.
You reflexively headbutt those who attack you in melee.


Message History

You hit the gnoll. You burn the gnoll.
The gnoll is moderately wounded.
The gnoll misses you.
You hit the gnoll. You burn the gnoll.
The gnoll is almost dead.
The gnoll hits you from afar with a +0 spear.
You hit the gnoll. You burn the gnoll.
You kill the gnoll!
The gnoll hits you from afar with a +0 spear!
You hit the gnoll but do no damage. You headbutt the gnoll.
You kill the gnoll!
You hit the gnoll. You burn the gnoll.
The gnoll is moderately wounded.
The gnoll hits you from afar with a +0 spear.
You are too injured to fight recklessly!
You are too injured to fight recklessly!
You are too injured to fight recklessly!
You are too injured to fight recklessly!
You are too injured to fight recklessly!
You are too injured to fight recklessly!
You are too injured to fight recklessly!
You are too injured to fight recklessly!
You are too injured to fight recklessly!
You are too injured to fight recklessly!
You are too injured to fight recklessly!
You are too injured to fight recklessly!
You are too injured to fight recklessly!
You are too injured to fight recklessly!
You are too injured to fight recklessly!
You are too injured to fight recklessly!
You are too injured to fight recklessly!
The gnoll barely misses you. The gnoll attacks as you move away!
The gnoll completely misses you.
You see here a +0 dagger.
The gnoll attacks as you move away! The gnoll hits you with a +0 flail.
The gnoll attacks as you move away! The gnoll hits you with a +0 flail.
* * * LOW HITPOINT WARNING * * *
The gnoll attacks as you move away! The gnoll misses you.
The gnoll attacks as you move away! The gnoll hits you with a +0 flail!
You die...

#.# ####.####. #......... #.
#.##.##### #. ..#.##.# #.
######.#.##.##### #. #<..
#.#.#....... #.#+#.#
#.#.##.##... #...@.#
#.#.##.##.## .##...g†+
#.#.##.##.# . .
#.##.....####.#.##.##.# ....
#.##.g........#.##.##.# ...
.#####.###g..........##.##.#
#... ...##.#
#.#########.##.##.# .....
#.##.# #g# ### #.#
......#)g#.# #.# ..#
.....J..g..# #.#


You could see 4 gnolls.

Vanquished Creatures
  2 gnolls (D:2)
  A worm (D:2)
  2 bats (D:1)
  3 endoplasms (D:1)
  A giant cockroach (D:1)
  5 goblins
  2 hobgoblins (D:1)
  2 quokkas (D:1)
  5 ball pythons
  4 frilled lizards (D:1)
  3 kobolds (D:1)
  9 rats
39 creatures vanquished.

Notes
Turn   | Place    | Note
-------+----------+-------------------------------------------
     0 | D:1      | Anon1729 the Minotaur Monk began the quest for the Orb.
     0 | D:1      | Reached XP level 1. HP: 19/19 MP: 0/0
   195 | D:1      | Reached XP level 2. HP: 22/27 MP: 1/1
   257 | D:1      | Reached skill level 1 in Armour
   456 | D:1      | Reached skill level 1 in Invocations
   466 | D:1      | Reached XP level 3. HP: 30/33 MP: 2/2
   537 | D:1      | Reached skill level 4 in Fighting
   780 | D:2      | Slain by a gnoll

Illustrated notes

Levels and vault maps discovered:
D:1:      sevenhm_arrival_forest_fort_large_1, layout_rooms, chequers_garden,
          minmay_misc_feat_four_crosses
D:2:      layout_basic, uniq_crazy_yiuf_cottage

Skill      XL: |  1  2  3 |
---------------+----------+-----
Armour         | 1 |  1.7
Invocations    | 1 |  1.3
Fighting       | 4 |  4.1
Short Blades   | |  3.7
Dodging        | |  3.7

Action                     || total
---------------------------++-------
  Melee: Short sword       ||    60
         Headbutt          ||    12
 Armour: Robe              ||     8
         Leather armour    ||     1
  Dodge: Dodged            ||    42

Table legend: (Time is in decaauts)
 A = Elapsed time spent in this place.
 B = Non-inter-level travel time spent in this place.
 C = Inter-level travel time spent in this place.
 D = Time resting spent in this place.
 E = Time spent auto-exploring this place.
 F = Levels seen in this place.
 G = Mean time per level.
                   A        B        C        D        E       F      G
               +--------+--------+--------+--------+--------+-----+--------+
         Total |    770 |    713 |     57 |      0 |    538 |   2 |  385.0 |
       Dungeon |    770 |    713 |     57 |      0 |    538 |   2 |  385.0 |
               +--------+--------+--------+--------+--------+-----+--------+

Top non-repeatable levels by time:
     D:1: 671 daAuts
     D:2: 99 daAuts
